 Dungeon Crawl Stone Soup version 0.16.0-12-g7215832 (webtiles) character file.

40 Nefaurd the Insei (level 3, 0/28 HPs)
             Began as a Draconian Transmuter on Mar 18, 2015.
             Slain by a kobold
             ... wielding a +0 club
              (1 damage)
             ... on level 2 of the Dungeon.
             The game lasted 00:10:24 (1555 turns).

Nefaurd the Insei (Draconian Transmuter)            Turns: 1555, Time: 00:10:25

Health: 0/28       AC:  5    Str: 12    XL:     3   Next: 30%
Magic:  5/6        EV: 12    Int: 13    God:
Gold:   77         SH:  0    Dex: 12    Spells: 1 memorised, 5 levels left

rFire  . . .     SeeInvis .     e - +0 spear
rCold  . . .     Clarity  .     (armour unavailable)
rNeg   . . .     SustAb   .     (no shield)
rPois  .         Gourm    .     (helmet restricted)
rElec  .         Spirit   .     (no cloak)
rCorr  .         Warding  .     (no gloves)
rMut   .         Stasis   .     (no boots)
MR     .....                    (no amulet)
Stlth  +.........               (no ring)
                                (no ring)

@: appendage, not resistant to hostile enchantments, very unstealthy
A: unfitting armour, horns 2, cold-blooded, AC +5
a: End Transformation


You were on level 2 of the Dungeon.
You were not hungry.
You had grown temporary horns.
You visited 1 branch of the dungeon, and saw 2 of its levels.

You collected 77 gold pieces.

Inventory:

Hand weapons
 a - a +0 spear
 e - a +0 spear (weapon)
 i - a +0 whip
Missiles
 b - 12 arrows
 f - 16 poisoned needles
Scrolls
 h - a scroll of recharging {unknown}
 j - a scroll of enchant armour {unknown}
Potions
 k - 2 potions of cure mutation {unknown}
 l - a potion of curing {unknown}
 m - a potion of invisibility {unknown}
Books
 d - a book of Changes

   Spells                             Type                      Level
   a - Beastly Appendage              Transmutation                1
   b - Sticks to Snakes               Transmutation                2
   c - Spider Form                    Transmutation/Poison         3
   d - Ice Form                       Ice/Transmutation            4
   e - Blade Hands                    Transmutation                5
Comestibles
 c - a meat ration
 g - a royal jelly


   Skills:
 - Level 1.1 Fighting
 - Level 1.7 Dodging
 + Level 3.8 Unarmed Combat
 * Level 2.4 Spellcasting
 * Level 2.4 Transmutations


You had 5 spell levels left.
You knew the following spells:

 Your Spells              Type           Power        Failure   Level  Hunger
a - Beastly Appendage     Trmt           #.....       10%         1    #......


Dungeon Overview and Level Annotations

Branches:
Dungeon (2/15)

Altars:
Gozag


Innate Abilities, Weirdness & Mutations

Your plain brown scales are hard (AC +5).
Your body does not fit into most forms of armour.
Your cold-blooded metabolism reacts poorly to cold.
You have a pair of horns on your head.


Message History

The kobold hits you with a short sword.
You closely miss the kobold. The kobold hits you but does no damage.
The kobold hits you but does no damage.
You hit the kobold.
Your tail-slap misses the kobold.
The kobold is severely wounded.
The kobold hits you with a club. The kobold closely misses you.
You closely miss the kobold. Your headbutt misses the kobold.
The kobold is severely wounded.
The kobold hits you with a short sword.
* * * LOW HITPOINT WARNING * * *
The kobold barely misses you.
You hit the kobold but do no damage.
The kobold is severely wounded.
The kobold hits you but does no damage. The kobold closely misses you.
You closely miss the kobold.
Your tail-slap misses the kobold.
The kobold is severely wounded.
The kobold hits you with a short sword.
* * * LOW HITPOINT WARNING * * *
The kobold hits you with a club.
You die...

... . ._.. ####### #####
#. K.. ....... #.... #.
#.. #####........ ##....
#. #.# #...@K.......
....... #. #.#
#..K#........ .##....
#.#####.#####...#.......
#....
..#............[...###.#
#####
...........(.....### #
.......#........##
#..8...##.#..##....
#.....###.#...#####
#.....###.#.#...


You could see 2 kobolds.

Vanquished Creatures
  A worm (D:2)
  A giant gecko (D:2)
  An ooze (D:1)
  2 bat skeletons (D:2)
  A bat zombie (D:2)
  A giant cockroach (D:1)
  5 goblins
  2 hobgoblins (D:1)
  3 jackals (D:1)
  4 kobolds
  5 bats
  A giant gecko zombie (D:2)
  3 giant newts (D:1)
  A rat (D:1)
31 creatures vanquished.

Notes
Turn   | Place    | Note
--------------------------------------------------------------
     0 | D:1      | Nefaurd, the Draconian Transmuter, began the quest for the Orb.
     0 | D:1      | Reached XP level 1. HP: 16/16 MP: 3/3
   317 | D:1      | Reached XP level 2. HP: 21/23 MP: 4/4
  1181 | D:2      | Reached XP level 3. HP: 2/28 MP: 6/6
  1527 | D:2      | Found an opulent altar of Gozag.
  1555 | D:2      | HP: 1/28 [kobold/short sword (5)]
  1555 | D:2      | Slain by a kobold

Action                   || total
-------------------------++-------
Melee: Unarmed           ||    18
       Spear             ||    97
 Cast: Beastly Appendage ||     5
  Eat: Bread ration      ||     1
